 Dungeon Crawl Stone Soup version 0.25-a0-279-g53730b6a6f (webtiles) character file.

Game seed: 8557504027450718440, levelgen mode: deterministic

72 MoonlitKnight the Poker (level 4, 23/33 HPs)
             Began as a Merfolk Skald on Dec 10, 2019.
             Quit the game on level 2 of the Dungeon.
             The game lasted 00:05:24 (2431 turns).

MoonlitKnight the Poker (Merfolk Skald)             Turns: 2431, Time: 00:05:25

Health: 23/33      AC:  6    Str: 12    XL:     4   Next: 25%
Magic:  7/7        EV: 12    Int: 12    God:
Gold:   118        SH:  0    Dex: 13    Spells: 1/7 levels left

rFire    . . .     SeeInvis .   l - -1 hunting sling (curse)
rCold    + . .     Gourm    .   (no shield)
rNeg     . . .     Faith    .   p - +0 ring mail
rPois    .         Spirit   .   (no helmet)
rElec    .         Reflect  .   (no cloak)
rCorr    .         Harm     .   o - +0 pair of gloves
MR       .....                  (no boots)
Stlth    +.........             (no amulet)
HPRegen  0.11/turn              h - ring of protection from cold
MPRegen  0.10/turn              (no ring)

@: no status effects
A: change form in water, swift swim, stealthy swim
a: no special abilities


You were on level 2 of the Dungeon.
You were hungry.

You visited 1 branch of the dungeon, and saw 2 of its levels.

You collected 118 gold pieces.

Inventory:

Hand Weapons
 a - a +0 spear
 l - a cursed -1 hunting sling (weapon)
Armour
 b - a +1 leather armour
 o - a +0 pair of gloves (worn)
 p - a +0 ring mail (worn)
Jewellery
 h - a ring of protection from cold (left hand)
Scrolls
 c - a scroll of fog
 e - a scroll of remove curse {unknown}
 m - 2 scrolls of identify
 n - a scroll of amnesia
Potions
 f - a potion of might {unknown}
 g - 2 potions of heal wounds
 i - a potion of lignification {unknown}
 j - a potion of haste {unknown}
Comestibles
 d - 5 rations


   Skills:
 - Level 2.1 Fighting
 + Level 4.4 Polearms
 - Level 0.6 Armour
 + Level 4.0 Dodging
 - Level 2.0 Spellcasting
 + Level 4.1 Charms


You had one spell level left.
You knew the following spells:

 Your Spells              Type           Power        Failure   Level  Hunger
a - Infusion              Chrm           ##..         12%         1    ##.....
b - Shroud of Golubria    Chrm/Tloc      #.....       38%         2    ###....
c - Spectral Weapon       Hex/Chrm       #.......     63%         3    ####...

Your spell library contained the following spells:

 Spells                   Type           Power        Failure   Level  Hunger
 Song of Slaying          Chrm           ##......     17%         2    ###....
 Regeneration             Chrm/Necr      #.........   63%         3    ####...


Dungeon Overview and Level Annotations

Branches:
Dungeon (2/15)

Altars:
Cheibriados
Dithmenos


Message History

Okay, then.
Firing (i - inventory) No suitable missiles.
Press: ? - help, Shift-Dir - straight line, f/p - worm
Aim: a worm (moderately wounded)
Okay, then.
Really attack while wielding your cursed -1 hunting sling? [Y]es or [N]o only, please.
Really attack while wielding your cursed -1 hunting sling? [Y]es or [N]o only, please.
Really attack while wielding your cursed -1 hunting sling? [Y]es or [N]o only, please.
Really attack while wielding your cursed -1 hunting sling? [Y]es or [N]o only, please.
Really attack while wielding your cursed -1 hunting sling? [Y]es or [N]o only, please.
Really attack while wielding your cursed -1 hunting sling? [Y]es or [N]o only, please.
Really attack while wielding your cursed -1 hunting sling?
Okay, then.
Are you sure you want to abandon this character and quit the game? (Confirm with "yes".)

#.......§§§#
######.......§..#
#.(...(......§..#
#....()##########
#...(.(# #..(...#
#.)....# #.w....#
#.@.(..# #...(..#
#.....(# #......#
#....).# #......#
#.(..(.# ########


You could see a worm.

Vanquished Creatures
  3 adders (D:2)
  An ooze (D:1)
  A worm (D:2)
  A dart slug (D:1)
  A leopard gecko (D:2)
  7 bats
  3 giant cockroaches (D:1)
  2 goblins (D:1)
  5 hobgoblins (D:1)
  2 kobolds
  3 frilled lizards (D:1)
  7 rats
36 creatures vanquished.

Notes
Turn   | Place    | Note
-------+----------+-------------------------------------------
     0 | D:1      | MoonlitKnight the Merfolk Skald began the quest for the
                  | Orb.
     0 | D:1      | Reached XP level 1. HP: 16/16 MP: 3/3
   460 | D:1      | Reached XP level 2. HP: 21/22 MP: 5/5
   470 | D:1      | Learned a level 2 spell: Shroud of Golubria
   955 | D:1      | Reached XP level 3. HP: 27/27 MP: 1/6
  1124 | D:1      | Learned a level 3 spell: Spectral Weapon
  1396 | D:2      | Found a snail-covered altar of Cheibriados.
  1816 | D:2      | Found a shadowy altar of Dithmenos.
  1833 | D:2      | Reached XP level 4. HP: 19/33 MP: 7/7
  2431 | D:2      | Quit the game

Levels and vault maps discovered:
D:1:      scummos_arrival_simple_crosswalls, layout_basic
D:2:      layout_basic, grunt_temple_overflow_gold_and_silver,
          grunt_dithmenos_smoke, cheibriados_altar_1

Skill      XL: |  1  2  3  4 |
---------------+-------------+-----
Dodging        | 3 4 |  4.0
Polearms       | 4 |  4.4
Charms         | 4 |  4.1
Fighting       | |  2.1
Armour         | |  0.6
Spellcasting   | |  2.0

Action                   |  1- 3 |  4- 6 || total
-------------------------+-------+-------++-------
Melee: Spear             |    64 |       ||    64
 Fire: Hunting sling     |    52 |    43 ||    95
 Cast: Infusion          |     6 |       ||     6
  Use: Scroll            |     5 |       ||     5
  Eat: Chunk             |     3 |     1 ||     4
Armor: Leather armour    |    23 |     3 ||    26
       Ring mail         |       |     5 ||     5
Dodge: Dodged            |    68 |    28 ||    96

Table legend:
 A = Non-vault XP
 B = Vault XP
 C = Vault XP percentage of total XP
 D = Non-vault monster count
 E = Vault monster count
 F = Vault count percentage of total count
                 A         B        C        D         E       F
            +---------+---------+-------+---------+---------+-------
      Total |     103 |       0 |   0.0 |      36 |       0 |   0.0
            +---------+---------+-------+---------+---------+-------
        D:1 |      43 |       0 |   0.0 |      23 |       0 |   0.0
        D:2 |      60 |       0 |   0.0 |      13 |       0 |   0.0
            +---------+---------+-------+---------+---------+-------
